 Dungeon Crawl Stone Soup version 0.29-a0-297-g7659ce593d (webtiles) character file.

Game seed: 4175665738483091944

6069 kae the Arsonist (level 10, -5/63 HPs)
             Began as a Tengu Fire Elementalist on Mar 20, 2022.
             Was a Follower of Vehumet.
             Engulfed by a cloud of flame (19 damage)
             ... on level 9 of the Dungeon.
             The game lasted 00:12:13 (13415 turns).

kae the Arsonist (Tengu Fire Elementalist)         Turns: 13415, Time: 00:12:14

Health: -5/63      AC: 11    Str:  8    XL:     10   Next: 87%
Magic:  12/21      EV: 19    Int: 19    God:    Vehumet [*.....]
Gold:   541        SH:  0    Dex: 16    Spells: 9/22 levels left

rFire   . . .      SeeInvis .   z - +3 spear of Fate {vorpal, rPois}
rCold   . . .      Faith    .   g - orb {guile}
rNeg    . . .      Spirit   .   t - +0 steam dragon scales
rPois   +          Reflect  .   l - +2 hat
rElec   .          Harm     .   (no cloak)
rCorr   .          Rampage  .   (no gloves)
Will    .....                   (boots unavailable)
Stlth   ++........              (no amulet)
HPRegen 0.20/turn               i - +4 ring of protection
MPRegen 0.17/turn               r - +4 ring of evasion

@: flying quickly and evasively, quick
A: beak, talons 3, nimble flight
a: Renounce Religion


You were on level 9 of the Dungeon.
You worshipped Vehumet.
Vehumet was aware of your devotion.
You visited 2 branches of the dungeon, and saw 10 of its levels.

You collected 541 gold pieces.

Inventory:

Hand Weapons
 e - a +0 dagger of speed
 z - the +3 spear of Fate (weapon) {vorpal, rPois}
   (You found it on level 8 of the Dungeon)

   It inflicts extra damage upon your enemies.
   rPois:     It protects you from poison.
Armour
 a - a +0 robe
 g - an orb of guile (worn)
 l - a +2 hat (worn)
 t - +0 steam dragon scales (worn)
Jewellery
 i - a +4 ring of protection (left hand)
 k - a ring of resist corrosion
 r - a +4 ring of evasion (right hand)
Wands
 o - a wand of polymorph (6)
 v - a wand of charming (5)
 y - a wand of flame (21)
Scrolls
 d - 2 scrolls of fog
 f - 2 scrolls of fear
 m - a scroll of identify
 s - a scroll of enchant weapon
Potions
 b - 2 potions of magic
 c - a potion of brilliance
 h - 4 potions of degeneration
 j - a potion of resistance
 p - a potion of haste
 q - a potion of mutation
 x - a potion of lignification


   Skills:
 + Level 7.0 Fighting
 - Level 2.1 Dodging
 - Level 2.0 Stealth
 + Level 6.9 Spellcasting
 + Level 9.4 Conjurations
 * Level 11.6 Fire Magic


You had 9 spell levels left.
You knew the following spells:

 Your Spells              Type           Power      Damage    Failure   Level
a - Foxfire               Conj/Fire      100%       2x1d9     1%          1
b - Scorch                Fire           100%       2d10      1%          2
c - Conjure Flame         Conj/Fire      46%        6-21      1%          3
d - Inner Flame           Hex/Fire       28%        N/A       2%          3
e - Flame Wave            Conj/Fire      46%        2d10      1%          4

Your spell library contained the following spells:

 Spells                   Type           Power      Damage    Failure   Level
 Freeze                   Ice            24%        1d5       11%         1
 Shock                    Conj/Air       96%        1d9       1%          1
 Static Discharge         Conj/Air       24%        N/A       2%          2
 Animate Skeleton         Necr           12%        N/A       11%         1
 Apportation              Tloc           12%        N/A       11%         1
 Beastly Appendage        Tmut           12%        N/A       11%         1
 Summon Small Mammal      Summ           24%        N/A       11%         1
 Wereblood                Tmut           6%         N/A       16%         2
 Portal Projectile        Hex/Tloc       12%        N/A       30%         3
 Spider Form              Tmut/Pois      6%         N/A       30%         3
 Swiftness                Air            6%         N/A       30%         3
 Lightning Bolt           Conj/Air       12%        1d25      38%         5
 Airstrike                Air            3%         N/A       71%         4
 Cause Fear               Hex            3%         N/A       71%         4
 Blade Hands              Tmut           3%         N/A       96%         5
 Excruciating Wounds      Necr           3%         N/A       96%         5
 Discord                  Hex            3%         N/A       100%        8
 Maxwell's Capacitive Co  Air            3%         ∞         100%        8


Dungeon Overview and Level Annotations

Branches:
Dungeon (9/15)             Temple (1/1) D:6            Lair (0/6) D:8
    Orc: D:9-12

Altars:
Ashenzari
Cheibriados
Dithmenos
Fedhas
Gozag
Hepliaklqana
Kikubaaqudgha
Makhleb
Nemelex Xobeh
Okawaru
Qazlal
Ru
Sif Muna
Trog
Uskayaw
Vehumet
Wu Jian
Xom
Yredelemnul
Zin
The Shining One

Shops:
D:6 [   D:8 [

Annotations:
D:4 Sigmund
D:9 1 transporter, p0werm0de's ghost, journeyman MiFi


Innate Abilities, Weirdness & Mutations

You have a beak for a mouth.
You have claws for feet.
Your magical nature lets you fly swiftly and evasively.


Message History

Confirm with . or Enter, or press ? or * to list all spells.
Flames lash the hornet.
Flame seeps out of the hornet.
The hornet is lightly wounded.
The hornet's fire resistance burns away.
The hornet is engulfed in blazing flames.
Flame seeps out of the hornet.
The hornet is engulfed in blazing flames.
Flame seeps out of the hornet.
The hornet barely misses you.
The hornet is engulfed in blazing flames.
Flame seeps out of the hornet.
The hornet misses you.
Casting: Scorch (safe; 1% risk of failure)
Confirm with . or Enter, or press ? or * to list all spells.
Flames lash the centaur.
The centaur is heavily wounded.
The centaur's fire resistance burns away.
The hornet is no longer more vulnerable to fire.
The hornet is engulfed in blazing flames.
Flame seeps out of the hornet.
The hornet stings you!
You feel yourself slow down.
The hornet is engulfed in blazing flames.
Vehumet accepts your kill.
The hornet explodes!
The fiery explosion engulfs you!!
* * * LOW HITPOINT WARNING * * *
The fiery explosion engulfs the centaur!!
The centaur is burned terribly!
You kill the centaur!
Vehumet accepts your kill.
Your Fighting skill increases to level 7!
Unknown command.
You feel much better.
You are engulfed in blazing flames.
* * * LOW HITPOINT WARNING * * *
You feel yourself speed up.
Okay, then.
You feel much better.
You are engulfed in blazing flames.
You feel much better.
You are engulfed in blazing flames.
* * * LOW HITPOINT WARNING * * *
Okay, then.
You are engulfed in blazing flames.
You die...

#......... ..
###.....c... ..
........... ..
...^...... ..
......... ..
#...>.... .#
#........
#######........
#@§§...........
###§[..........
#............ .#
#............ ..
#...............
#..########.....
#..#......#.....
#..#......#.....
#..#......#.....


There were no monsters in sight!

Vanquished Creatures
  Amaemon (D:8)
  Joseph (D:8)
  An orange demon (D:8)
  A hornet (D:9)
  Prince Ribbit (D:8)
  5 yaks (D:9)
  A wyvern (D:7)
  Eustachio (D:6)
  3 steam dragons
  An acid dragon (D:8)
  2 water moccasins (D:8)
  A boggart (D:9)
  A black bear (D:4)
  3 sky beasts
  2 ogres
  2 centaurs
  A phantom (D:4)
  A kobold brigand (D:6)
  3 bullfrogs
  A necrophage (D:6)
  A gnoll sergeant (D:4)
  5 scorpions
  3 wights
  6 killer bees
  2 howler monkeys
  A hound (D:5)
  4 orc priests
  2 jellies
  3 gnoll shamans
  2 iguanas
  5 orc wizards
  12 gnolls
  6 adders
  3 white imps
  2 ufetubi
  A worm (D:2)
  4 dart slugs
  23 orcs
  8 endoplasms
  4 giant cockroaches
  8 hobgoblins
  5 jackals
  14 kobolds
  4 quokkas
  5 ball pythons
  4 bats
  2 frilled lizards
  5 goblins
  3 rats
180 creatures vanquished.

Vanquished Creatures (others)
  A bush (D:9)
  510 foxfires
511 creatures vanquished.

Grand Total: 691 creatures vanquished

Notes
Turn   | Place    | Note
-------+----------+-------------------------------------------
     0 | D:1      | kae the Tengu Fire Elementalist began the quest for the
                  | Orb.
     0 | D:1      | Reached XP level 1. HP: 10/10 MP: 4/4
   563 | D:1      | Reached XP level 2. HP: 16/16 MP: 1/6
  1232 | D:2      | Reached XP level 3. HP: 20/20 MP: 1/7
  1319 | D:2      | Reached skill level 1 in Fighting
  1475 | D:2      | Reached skill level 4 in Fire Magic
  2154 | D:2      | Reached XP level 4. HP: 25/25 MP: 5/8
  2501 | D:3      | Learned a level 2 spell: Scorch
  2505 | D:3      | Learned a level 3 spell: Conjure Flame
  2770 | D:3      | You fall into a shaft and drop 2 floors!
  2770 | D:5      | Entered Level 5 of the Dungeon
  2831 | D:5      | Gained mutation: Your magical nature lets you fly swiftly
                  | and evasively. [Tengu growth]
  2831 | D:5      | Reached XP level 5. HP: 28/30 MP: 5/9
  2877 | D:4      | Noticed Sigmund
  4010 | D:3      | Reached skill level 5 in Fire Magic
  4169 | D:4      | Noticed a black bear
  4185 | D:4      | Killed a black bear
  4186 | D:4      | Reached XP level 6. HP: 36/36 MP: 5/11
  4314 | D:4      | Learned a level 3 spell: Inner Flame
  4941 | D:4      | Reached XP level 7. HP: 40/40 MP: 5/13
  5036 | D:4      | Found a shimmering blue altar of Sif Muna.
  5297 | D:5      | Reached skill level 6 in Fire Magic
  6348 | D:5      | Learned a level 4 spell: Flame Wave
  6397 | D:6      | Reached skill level 5 in Conjurations
  6415 | D:6      | Noticed a steam dragon
  6424 | D:6      | Killed a steam dragon
  6425 | D:6      | Reached skill level 7 in Fire Magic
  6425 | D:6      | Reached XP level 8. HP: 13/48 MP: 6/15
  6428 | D:6      | Found Avilazodd's Armour Shoppe.
  7239 | D:6      | Found a staircase to the Ecumenical Temple.
  7265 | D:6      | Noticed Eustachio
  7273 | Temple   | Entered the Ecumenical Temple
  8022 | D:6      | Reached skill level 8 in Fire Magic
  8077 | D:6      | Found a radiant altar of Vehumet.
  8178 | D:6      | Killed Eustachio
  8179 | D:6      | Reached XP level 9. HP: 52/52 MP: 11/17
  8620 | D:6      | Became a worshipper of Vehumet
  8636 | D:7      | Reached skill level 5 in Spellcasting
  8891 | D:7      | Reached skill level 5 in Fighting
  9044 | D:7      | Found a basalt altar of Yredelemnul.
  9065 | D:7      | Reached skill level 9 in Fire Magic
 10215 | D:8      | Found a staircase to the Lair.
 10344 | D:8      | Found an iron altar of Okawaru.
 10736 | D:8      | Found Garr's Armour Shoppe.
 10833 | D:8      | Noticed Amaemon
 10833 | D:8      | Noticed an orange demon
 10896 | D:8      | Killed Amaemon
 10897 | D:8      | Reached skill level 10 in Fire Magic
 10897 | D:8      | Reached XP level 10. HP: 51/60 MP: 5/20
 11030 | D:8      | Killed an orange demon
 11162 | D:8      | Noticed Prince Ribbit
 11177 | D:8      | Killed Prince Ribbit
 11234 | D:8      | Noticed Joseph
 11240 | D:8      | Killed Joseph
 11694 | D:8      | Identified the +3 spear of Fate {vorpal, rPois}
 11870 | D:9      | Noticed p0werm0de's ghost (journeyman MiFi)
 11871 | D:9      | Found a transporter.
 12112 | D:9      | Reached skill level 11 in Fire Magic
 12441 | D:9      | Found a blossoming altar of Fedhas.
 12824 | D:9      | Reached * piety under Vehumet
 12824 | D:9      | Offered knowledge of Freeze by Vehumet.
 13415 | D:9      | Engulfed by a cloud of flame

Illustrated notes

Levels and vault maps discovered:
D:1:      saegor_arrival_simple_e, layout_basic
D:2:      layout_loops_ring, hangedman_abyss_or_decor_stabs
D:3:      layout_basic, nicolae_figureground_pulse
D:4:      layout_basic, nicolae_overflow_crystal_walls, uniq_sigmund
D:5:      layout_cave_pods, serial_column_ruins, column_ruins_hut_ruined,
          column_ruins_hut, column_ruins_open_tiny, column_ruins_grid_1,
          column_ruins_grid_1, column_ruins_grid_1, column_ruins_grid_1,
          kennysheep_dice
D:6:      layout_cave_pools, nicolae_vehumet_altar_sigil,
          minmay_temple_entry_offerings, serial_shops, shop, minivault_27,
          minmay_circle_x, uniq_eustachio
D:7:      layout_loops_ring, mainiacjoe_overflow_brackets
D:8:      layout_layer_cave, kennysheep_okawaru_gauntlet, dpeg_oklobed_lair,
          serial_shops, kennysheep_mini, nrook_mini_vaults, uniq_prince_ribbit1,
          uniq_joseph, uniq_amaemon
D:9:      layout_irregular_city, mainiacjoe_overflow_24_doors,
          gammafunk_ghost_stat_death, kb_lookout_dungeons_type,
          serial_park_tiny_1
Temple:   eino_temple_scatter_basement

Skill      XL: |  1  2  3  4  5  6  7  8  9 10 |
---------------+-------------------------------+-----
Conjurations   | 2 3 4 5 6 8 9 |  9.4
Fighting       | 1 2 3 4 6 7 |  7.0
Fire Magic     | 4 5 7 8 10 11 | 11.6
Spellcasting   | 3 4 6 |  6.9
Dodging        | |  2.1
Stealth        | |  2.0

Action                   |  1- 3 |  4- 6 |  7- 9 | 10-12 || total
-------------------------+-------+-------+-------+-------++-------
Melee: Unarmed           |    19 |     2 |       |       ||    21
       Kick              |     3 |     3 |     5 |       ||    11
       Peck              |     1 |     2 |     1 |       ||     4
       Dagger            |       |     4 |    14 |       ||    18
       Spear             |       |       |       |     4 ||     4
 Cast: Foxfire           |    68 |    96 |   100 |    37 ||   301
       Scorch            |       |     4 |    91 |    54 ||   149
       Conjure Flame     |       |     3 |     2 |     6 ||    11
       Inner Flame       |       |     1 |       |     8 ||     9
  Use: Scroll            |       |     8 |     7 |     4 ||    19
       Potion            |       |     1 |     3 |     3 ||     7
 Stab: Sleeping          |     1 |       |       |       ||     1
Armor: Robe              |    12 |    16 |    29 |       ||    57
       Steam dragon scal |       |       |     5 |    12 ||    17
Dodge: Dodged            |    24 |    36 |    86 |    47 ||   193

Table legend: (Time is in decaauts)
 A = Elapsed time spent in this place.
 B = Non-inter-level travel time spent in this place.
 C = Inter-level travel time spent in this place.
 D = Time resting spent in this place.
 E = Time spent auto-exploring this place.
 F = Levels seen in this place.
 G = Mean time per level.
                   A        B        C        D        E       F      G
               +--------+--------+--------+--------+--------+-----+--------+
         Total |  12897 |  12227 |    670 |   2202 |   8052 |  10 | 1289.7 |
       Dungeon |  12731 |  12078 |    653 |   2202 |   7916 |   9 | 1414.6 |
        Temple |    166 |    149 |     17 |      0 |    136 |   1 |  166.0 |
               +--------+--------+--------+--------+--------+-----+--------+

Top non-repeatable levels by time:
     D:8: 2026 daAuts
     D:5: 1997 daAuts
     D:3: 1393 daAuts
     D:6: 1375 daAuts
     D:2: 1278 daAuts
     D:7: 1238 daAuts
     D:9: 1186 daAuts
     D:1: 1148 daAuts
     D:4: 1087 daAuts
  Temple: 166 daAuts
